AoeStats
← Failed Math Test

Golden Pit

509976295Analyzed
1v1 RM · 2d ago on Sep 28, 2026· 24m 24s· 2 players
Game mode
Random Map
Map size
Tiny (2 player)
Population
200
Speed
Normal
Resources
Standard
Victory
Conquest
Starting age
Dark Age
Ending age
Imperial Age
RankedLock teamsTeams togetherTeam positionsShared explorationLock speedFull tech treeHidden civsTurbo modeCheats
Victory
Defeat
🇨🇦 Spanish · Canada
1094
+16
🇵🇪 Slavs · Peru
1101
-16
Failed Math Test
10:36 Feudal Age
12:41 Loom
13:27 Horse Collar
19:59 Castle Age
18:33 Double-Bit Axe
ඞ BatiCapibara
6:37 Loom
9:32 Feudal Age
10:45 Double-Bit Axe
10:32 Man-at-Arms
19:19 Castle Age
18:16 Wheelbarrow
17:22 Horse Collar
19:35 Stone Mining
20:36 Bow Saw
20:26 Heavy Plow
Connection lost

Rejoining the realm…

Still unreachable

The connection could not be restored.

Session expired

The server has moved on; the page needs a fresh start.